 Dungeon Crawl Stone Soup version 0.21.0-3-g78d12a8 (webtiles) character file.

6462 Suckerboh the Basher (level 11, 0/64 HPs)
             Began as a Gargoyle Gladiator on Jan 9, 2018.
             Was a Believer of the Shining One.
             Killed by the air
             ... invoked by Gastronok
              (18 damage)
             ... on level 1 of the Lair of Beasts.
             The game lasted 00:21:43 (8674 turns).

Suckerboh the Basher (Gargoyle Gladiator)           Turns: 8674, Time: 00:21:43

Health: 0/64       AC: 24    Str: 19    XL:     11   Next: 0%
Magic:  11/11      EV: 14    Int:  8    God:    the Shining One [**....]
Gold:   465        SH:  0    Dex: 14    Spells: 10/10 levels left

rFire    . . .     SeeInvis .   a - +1 flail (protect)
rCold    . . .     Gourm    .   (no shield)
rNeg     + + .     Faith    .   I - +0 ring mail
rPois    ∞         Spirit   .   w - +0 helmet (curse)
rElec    +         Reflect  .   (no cloak)
rCorr    .         Harm     .   c - +0 pair of gloves (curse)
MR       .....                  (no boots)
Stlth    +.........             (no amulet)
HPRegen  0.20/turn              (no ring)
MPRegen  0.12/turn              (no ring)

@: protection aura, slowed, glowing, very slow
A: negative energy resistance 1, electricity resistance, unbreathing,
petrification resistance, rot immunity, AC +8
a: Divine Shield, Renounce Religion


You were on level 1 of the Lair of Beasts.
You worshipped the Shining One.
The Shining One was pleased with you.
You were not hungry.

You visited 3 branches of the dungeon, and saw 11 of its levels.

You collected 465 gold pieces.

Inventory:

Hand Weapons
 a - a +1 flail of protection (weapon)
 R - a cursed +3 morningstar
Missiles
 d - 2 throwing nets (quivered)
Armour
 c - a cursed +0 pair of gloves (worn)
 w - a cursed +0 helmet (worn)
 E - the +2 scale mail of Knowledge {Dex+4, unknown}
   (You found it on level 5 of the Dungeon)

   It affects your dexterity (+4).
 G - a +1 chain mail of poison resistance
 I - a +0 ring mail (worn)
 Z - a +0 ring mail of positive energy
Jewellery
 i - an uncursed ring of poison resistance {unknown}
 n - an uncursed ring of positive energy {unknown}
 p - an uncursed ring of see invisible {unknown}
 r - an uncursed ring of fire {unknown}
 H - an uncursed amulet of rage {unknown}
 J - an uncursed amulet of guardian spirit {unknown}
 K - a +2 ring of strength {unknown}
 L - an uncursed amulet of regeneration {unknown}
 M - an uncursed amulet of faith {unknown}
 N - an uncursed ring of protection from fire {unknown}
 O - a cursed amulet of inaccuracy {unknown}
 U - an uncursed amulet of rage {unknown}
 W - an uncursed ring of magical power {unknown}
 X - a +2 ring of evasion {unknown}
Wands
 B - a wand of disintegration (18)
 S - a wand of digging (12)
Scrolls
 e - 6 scrolls of remove curse {unknown}
 m - 7 scrolls of teleportation {unknown}
 o - 2 scrolls of amnesia {unknown}
 q - 3 scrolls of immolation {unknown}
 u - 7 scrolls of identify {unknown}
 y - 3 scrolls of fog {unknown}
 C - 2 scrolls of random uselessness {unknown}
 D - 2 scrolls of magic mapping {unknown}
 P - a scroll of fear {unknown}
 Q - a scroll of blinking {unknown}
 Y - a scroll of enchant armour {unknown}
Potions
 b - a potion of mutation {unknown}
 g - a potion of magic {unknown}
 h - 3 potions of heal wounds {unknown}
 j - 2 potions of flight {unknown}
 k - 5 potions of haste {unknown}
 l - a potion of brilliance {unknown}
 s - 5 potions of curing
 t - a potion of berserk rage {unknown}
 v - a potion of ambrosia {unknown}
 x - 3 potions of lignification {unknown}
 z - 2 potions of agility {unknown}
 F - a potion of might {unknown}
Books
 T - a book of Changes

   Spells                             Type                      Level
   a - Beastly Appendage              Transmutation                1
   b - Sticks to Snakes               Transmutation                2
   c - Spider Form                    Transmutation/Poison         3
   d - Ice Form                       Ice/Transmutation            4
   e - Blade Hands                    Transmutation                5
Comestibles
 f - 19 rations


   Skills:
 + Level 6.1 Fighting
 * Level 12.3 Maces & Flails
 - Level 1.8 Throwing
 * Level 7.7 Armour
 + Level 5.1 Dodging
 + Level 2.2 Stealth
 + Level 1.0 Evocations


You had 10 spell levels left.
You didn't know any spells.

Dungeon Overview and Level Annotations

Branches:
Dungeon (9/15)             Temple (1/1) D:6            Lair (1/6) D:8
    Orc: D:9-12

Altars:
Ashenzari
Elyvilon
Gozag
Hepliaklqana
Kikubaaqudgha
Makhleb
Nemelex Xobeh
Okawaru
Qazlal
Sif Muna
Trog
Uskayaw
Vehumet
Xom
Zin
The Shining One

Shops:
D:5 }

Annotations:
Lair:1 Gastronok


Innate Abilities, Weirdness & Mutations

You are resistant to torment.
Your stone body is resilient. (AC +8)
You are immune to poison.
You resist negative energy. (rN+)
You are resistant to electric shocks. (rElec)
You can survive without breathing.
You are immune to petrification.
You are immune to rotting.


Message History

Gastronok is almost dead.
The bat barely misses you.
The bat hits the fungus.
The river rat bites you but does no damage.
The river rat bites you.
Gastronok waves his eye-stalks in wide circles.
The air twists around and strikes you!
* * * LOW HITPOINT WARNING * * *
The river rat twitches its whiskers.
The river rat barely misses you. The river rat misses you.
You hit Gastronok.
Gastronok is almost dead.
The bat hits you but does no damage. The bat closely misses you.
The river rat bites you but does no damage.
The river rat closely misses you.
You sock Gastronok!
Gastronok is almost dead.
The bat completely misses you. The river rat closely misses you. x2
Gastronok waves his eye-stalks in wide circles.
The air twists around and strikes you!
You die...

#.# ##.....###.............#
..#####.....##................
#.##.#.#......................
#...........#.................
#............#................
#...........#.................
#.#####......#................
#.# ##....##................
..# ##....#Pb.@r............
..## #.....##..rw............
#..# #.<....#................
#.## ##....#÷......[.........
#.# ##.....#................
#.# ##........######.##..#.##
#.####.........# ### #####
#..............#
#..............#


You could see Gastronok, 2 river rats and a bat.

Vanquished Creatures
  A hydra (Lair:1)
  A two-headed ogre (D:8)
  Grinder (D:5)
  A queen bee (D:9)
  2 hippogriffs
  Grum (D:9)
  Menkaure (D:5)
  A black bear (D:7)
  2 orc warriors
  2 necrophages
  3 ogres
  3 wolves
  3 centaurs
  A crocodile (D:9)
  A big kobold (D:7)
  7 bullfrogs
  3 scorpions
  17 killer bees
  7 wights
  A centaur zombie (D:7)
  6 crimson imps
  4 hounds
  2 jellies
  3 orc priests
  A centaur skeleton (D:7)
  3 iguanas
  5 orc wizards
  Ijyb (D:3)
  6 worker ants
  A worker ant zombie (D:9)
  11 adders
  5 shadow imps
  2 adder skeletons
  2 adder zombies (D:7)
  5 worms
  A dart slug (D:3)
  4 leopard geckos
  28 orcs
  A ball python (D:2)
  8 bats
  5 giant cockroaches
  4 goblins
  11 hobgoblins
  4 jackals
  13 kobolds
  4 quokkas
  10 frilled lizards
  6 rats
215 creatures vanquished.

Vanquished Creatures (collateral kills)
  2 killer bees (D:5)
2 creatures vanquished.

Vanquished Creatures (others)
  An orc (D:5)
1 creature vanquished.

Grand Total: 218 creatures vanquished

Notes
Turn   | Place    | Note
-------+----------+-------------------------------------------
     0 | D:1      | Suckerboh the Gargoyle Gladiator began the quest for the Orb.
     0 | D:1      | Reached XP level 1. HP: 12/12 MP: 1/1
   130 | D:1      | Reached XP level 2. HP: 14/17 MP: 2/2
   611 | D:2      | Found a bloodstained altar of Trog.
   618 | D:2      | Reached XP level 3. HP: 15/22 MP: 3/3
   746 | D:2      | Reached skill level 1 in Armour
  1038 | D:2      | Reached XP level 4. HP: 27/27 MP: 4/4
  1323 | D:3      | Noticed Ijyb
  1334 | D:3      | Killed Ijyb
  1334 | D:3      | Reached skill level 4 in Maces & Flails
  1386 | D:3      | Reached XP level 5. HP: 32/32 MP: 5/5
  1463 | D:3      | Found an opulent altar of Gozag.
  1902 | D:3      | Found a sparkling altar of Nemelex Xobeh.
  2023 | D:3      | Found an iron altar of Okawaru.
  2141 | D:4      | Reached skill level 1 in Stealth
  2336 | D:4      | Reached XP level 6. HP: 30/37 MP: 6/6
  2464 | D:4      | Reached skill level 5 in Maces & Flails
  2975 | D:5      | Entered Level 5 of the Dungeon
  3063 | D:5      | Noticed Grinder
  3065 | D:5      | Paralysed by Grinder for 5 turns
  3078 | D:5      | Killed Grinder
  3078 | D:5      | Reached skill level 6 in Maces & Flails
  3078 | D:5      | Reached XP level 7. HP: 23/41 MP: 7/7
  3230 | D:5      | Found a stormy altar of Qazlal.
  3271 | D:5      | Found a burning altar of Makhleb.
  3346 | D:5      | Reached XP level 8. HP: 33/48 MP: 8/8
  3520 | D:5      | Found an ancient bone altar of Kikubaaqudgha.
  3980 | D:5      | Reached skill level 7 in Maces & Flails
  3980 | D:5      | Reached skill level 5 in Armour
  4055 | D:5      | Got a smelly scale mail
  4064 | D:5      | Noticed Menkaure
  4072 | D:5      | Killed Menkaure
  4278 | D:5      | Found Geor's Gadget Shoppe.
  4481 | D:4      | Found a shimmering altar of Xom.
  4481 | D:4      | Found a deep blue altar of Sif Muna.
  4523 | D:6      | Found a radiant altar of Vehumet.
  4684 | D:6      | Found a staircase to the Ecumenical Temple.
  4758 | Temple   | Entered the Ecumenical Temple
  4805 | Temple   | Became a worshipper of the Shining One
  4916 | D:6      | Reached skill level 8 in Maces & Flails
  5150 | D:7      | Noticed a hippogriff
  5166 | D:6      | Reached XP level 9. HP: 49/52 MP: 9/9
  5418 | D:7      | Reached skill level 9 in Maces & Flails
  5632 | D:7      | Reached * piety under the Shining One
  5761 | D:7      | Reached skill level 5 in Fighting
  5942 | D:7      | Found a hide-covered altar of Uskayaw.
  6116 | D:8      | Noticed a tengu warrior
  6133 | D:8      | Noticed a two-headed ogre
  6489 | D:8      | Reached skill level 10 in Maces & Flails
  6518 | D:8      | Reached ** piety under the Shining One
  6584 | D:8      | Found a staircase to the Lair.
  6662 | D:8      | Reached XP level 10. HP: 38/60 MP: 10/10
  6755 | D:8      | Reached skill level 1 in Evocations
  6981 | D:8      | Killed a two-headed ogre
  6981 | D:8      | Reached skill level 11 in Maces & Flails
  7138 | D:9      | Noticed Grum
  7273 | D:9      | Killed Grum
  7746 | D:9      | Reached skill level 5 in Dodging
  8298 | Lair:1   | Entered Level 1 of the Lair of Beasts
  8302 | Lair:1   | Reached skill level 12 in Maces & Flails
  8352 | Lair:1   | Noticed a four-headed hydra
  8368 | Lair:1   | Killed a four-headed hydra
  8368 | Lair:1   | Reached XP level 11. HP: 55/64 MP: 11/11
  8424 | Lair:1   | Noticed a six-headed hydra
  8640 | Lair:1   | Noticed Gastronok
  8674 | Lair:1   | Killed from afar by Gastronok

Skill      XL: |  1  2  3  4  5  6  7  8  9 10 |
---------------+-------------------------------+-----
Armour         | 1 2 3 4 5 6 7 |  7.7
Maces & Flails | 4 6 8 10 12 | 12.3
Dodging        | 3 4 5 |  5.1
Stealth        | 1 2 |  2.2
Fighting       | 3 4 5 6 |  6.1
Evocations     | 1 |  1.0
Throwing       | |  1.8

Action                   |  1- 3 |  4- 6 |  7- 9 | 10-12 || total
-------------------------+-------+-------+-------+-------++-------
Melee: Flail             |    94 |   253 |   411 |   251 ||  1009
Throw: Throwing net      |       |       |       |     1 ||     1
Evoke: Wand              |       |     3 |     5 |       ||     8
 Stab: Sleeping          |       |     1 |       |       ||     1
       Confused          |       |       |     2 |       ||     2
  Eat: Chunk             |       |     7 |     9 |     5 ||    21
       Ration            |       |       |     1 |     1 ||     2
Armor: Leather armour    |    36 |    67 |       |       ||   103
       Chain mail        |       |    69 |       |       ||    69
       Ring mail         |       |    10 |   196 |   174 ||   380
Dodge: Dodged            |    63 |   153 |   278 |   229 ||   723
